AoeStats
← ILALU

Arabian Desert

510898178Analyzed
1v1 RM · 6h ago on Oct 3, 2026· 30m 4s· 2 players
Game mode
Random Map
Map size
Tiny (2 player)
Population
200
Speed
Normal
Resources
Standard
Victory
Conquest
Starting age
Dark Age
Ending age
Imperial Age
RankedLock teamsTeams togetherTeam positionsShared explorationLock speedFull tech treeHidden civsTurbo modeCheats
Victory
Defeat
🇨🇭 Sicilians · Switzerland
1367
+15
🇨🇱 Varangians · Chile
1337
-15
voodoomsr
6:48 Loom
9:27 Feudal Age
18:45 Fletching
19:48 Padded Archer Armor
21:17 Scale Barding Armor
21:55 Bloodlines
29:20 Castle Age
ILALU
6:18 Loom
9:12 Feudal Age
9:41 Double-Bit Axe
9:36 Man-at-Arms
14:47 Fletching
16:39 Padded Archer Armor
22:47 Castle Age
22:43 Scale Barding Armor
23:52 Chain Barding Armor
23:32 Gold Mining
24:19 Wheelbarrow
27:10 Bloodlines
28:02 Forging
28:17 Husbandry
30:11 Iron Casting
Connection lost

Rejoining the realm…

Still unreachable

The connection could not be restored.

Session expired

The server has moved on; the page needs a fresh start.